 Dungeon Crawl Stone Soup version 0.28.0 (webtiles) character file.

Game seed: 12881016664420435152

6100 browni3141 the Cleaver (level 10, -4/145 HPs)
             Began as a Minotaur Berserker on Feb 16, 2022.
             Was an Elder of Trog.
             Slain by a meliai (6 damage)
             ... on level 9 of the Dungeon.
             The game lasted 00:04:25 (8153 turns).

browni3141 the Cleaver (Minotaur Berserker)         Turns: 8153, Time: 00:04:26

Health: -4/145     AC: 16    Str: 28    XL:     10   Next: 58%
Magic:  9/9        EV: 11    Int:  4    God:    Trog [****..]
Gold:   322        SH:  5    Dex: 10    Spells: 9/9 levels left

rFire   . . .      SeeInvis .   H - +4 battleaxe
rCold   + . .      Faith    .   (shield currently unavailable)
rNeg    . . .      Spirit   .   r - +4 ring mail "Lin Xoaz" {Str+2}
rPois   +          Reflect  +   (helmet restricted)
rElec   .          Harm     +   m - +0 cloak
rCorr   .          Rampage  .   O - +0 pair of gloves "Xeytti Jomof" {Harm rPois rC+}
Will    .....                   G - +0 pair of boots
Stlth   ..........              s - amulet of reflection
HPRegen 0.34/turn               (no ring)
MPRegen 0.11/turn               (no ring)

@: berserking, lethally poisoned (-4 -> -11), very quick
A: horns 2, retaliatory headbutt
a: Renounce Religion, Berserk, Trog's Hand, Brothers in Arms


You were on level 9 of the Dungeon.
You worshipped Trog.
Trog was greatly pleased with you.
You visited 1 branch of the dungeon, and saw 9 of its levels.

You collected 588 gold pieces.
You spent 266 gold pieces at shops.

Inventory:

Hand Weapons
 a - a +0 hand axe
 H - a +4 battleaxe (weapon)
Missiles
 M - 3 curare-tipped darts (quivered)
 N - a throwing net
Armour
 b - a +0 animal skin
 i - a +0 chain mail
 m - a +0 cloak (worn)
 r - the +4 ring mail "Lin Xoaz" (worn) {Str+2}
   (You found it on level 3 of the Dungeon)

   Str:       It affects your strength (+2).
 G - a +0 pair of boots (worn)
 I - a +0 pair of gloves
 O - the +0 pair of gloves "Xeytti Jomof" (worn) {Harm rPois rC+}
   (You found it on level 8 of the Dungeon)

   rC:        It protects you from cold.
   rPois:     It protects you from poison.
   Harm:      It increases damage dealt and taken.
Jewellery
 s - an amulet of reflection (around neck)
 F - a +6 ring of intelligence
 K - a +6 ring of dexterity
Wands
 L - a wand of paralysis (25)
Scrolls
 c - 5 scrolls of identify {unknown}
 f - a scroll of enchant weapon {unknown}
 h - 2 scrolls of amnesia {unknown}
 j - 3 scrolls of teleportation {unknown}
 k - a scroll of fog {unknown}
 l - a scroll of fear {unknown}
 n - 2 scrolls of immolation {unknown}
 p - a scroll of noise {unknown}
 u - a scroll of summoning {unknown}
 y - a scroll of vulnerability {unknown}
 B - a scroll of silence {unknown}
 C - a scroll of enchant armour {unknown}
 D - a scroll of brand weapon {unknown}
 E - a scroll of blinking {unknown}
Potions
 d - 3 potions of brilliance {unknown}
 e - 4 potions of curing {unknown}
 g - 2 potions of lignification {unknown}
 o - 5 potions of might {unknown}
 q - a potion of attraction {unknown}
 t - a potion of heal wounds {unknown}
 v - 2 potions of haste
 w - 2 potions of resistance {unknown}
 x - a potion of cancellation {unknown}
 z - 3 potions of flight {unknown}
 A - a potion of invisibility {unknown}
 J - a potion of mutation {unknown}


   Skills:
 + Level 11.6 Fighting
 + Level 11.6 Axes
 + Level 11.3 Armour
 - Level 2.1 Dodging


You had 9 spell levels left.
You didn't know any spells.
Your spell library was empty.

Dungeon Overview and Level Annotations

Branches:
Dungeon (9/15)             Temple (0/1) D:6            Lair (0/6) D:8
    Orc: D:9-12

Altars:

Shops:
D:7 (


Innate Abilities, Weirdness & Mutations

You have a pair of horns on your head.
You reflexively headbutt those who attack you in melee.


Message History

The meliai hits you with a +0 war axe.
* * * LOW HITPOINT WARNING * * *
The meliai stings you but does no damage.
A two-headed ogre comes into view.
It is wielding a +0 giant spiked club and a +0 giant club.
The two-headed ogre shouts in stereo!
You are too injured to fight recklessly!
You are too injured to fight recklessly!
You are too injured to fight recklessly!
Unknown command.
Okay, then.
Okay, then.
A red film seems to cover your vision as you go berserk!
You feel yourself moving faster!
You feel mighty!
You feel very sick. The meliai hits you but does no damage.
The meliai closely misses you.
The meliai calls down the wrath of its god upon you.
Something smites you!
* * * LOW HITPOINT WARNING * * *
The meliai invokes the aid of its god against you.
Something smites you!
* * * LOW HITPOINT WARNING * * *
You block the meliai's attack. x2
The meliai calls upon its god to heal the meliai.
The meliai is healed somewhat.
The meliai hits you with a +0 war axe.
* * * LOW HITPOINT WARNING * * *
The meliai stings you but does no damage.
Unknown command.
You hit the meliai.
The meliai is almost dead.
You slash the meliai! You slice the meliai!!
You kill the meliai!
Trog accepts your kill.
* * * LOW HITPOINT WARNING * * *
You feel sick.
The meliai calls upon its god to heal the meliai.
The meliai is healed somewhat.
The meliai closely misses you. You furiously retaliate!
You headbutt the meliai. The meliai misses you. You block the meliai's attack.
The meliai barely misses you. The meliai hits you with a +0 hand axe.
You die...

############# .....
#............ .....
######............
......+.................
......#..............≈≈.
......#..............≈..
...#....................
..#......###.....)....≈.
......y@........<.......
......y).....#..........
......[......#..........
.............#..........
..#.....................
............##.....≈....
.....#.O....##..........
.....#..:...####........
.........


You could see a two-headed ogre and 2 meliai.

Vanquished Creatures
  A two-headed ogre (D:8)
  3 death yaks (D:8)
  The ghost of Acetwo5 the Fighter, a novice MiFi of Okawaru (D:7)
  A kobold demonologist (D:8)
  A meliai (D:9)
  Sigmund (D:5)
  2 water moccasins
  A black bear (D:6)
  An ice beast (D:5)
  2 sky beasts
  A necrophage (D:5)
  6 ogres
  A centaur (D:5)
  A phantom (D:5)
  4 kobold brigands (D:8)
  3 bullfrogs
  A gnoll sergeant (D:8)
  2 scorpions (D:5)
  A centaur zombie (D:8)
  A howler monkey (D:6)
  Crazy Yiuf (D:2)
  3 centaur skeletons
  4 hounds
  2 jellies (D:6)
  2 bullfrog skeletons
  An orc priest (D:8)
  A gnoll shaman (D:4)
  Terence (D:2)
  3 orc wizards (D:8)
  2 hell rats (D:8)
  A hound skeleton (D:5)
  A howler monkey zombie (D:9)
  9 adders
  10 gnolls
  A howler monkey skeleton (D:6)
  A river rat (D:8)
  A shadow imp (D:6)
  An ufetubus (D:3)
  An adder skeleton (D:4)
  3 worms (D:4)
  2 dart slugs
  12 orcs
  9 ball pythons
  12 endoplasms
  3 giant cockroaches
  8 hobgoblins
  16 kobolds
  4 quokkas
  9 bats
  4 frilled lizards
  15 goblins
  9 rats
187 creatures vanquished.

Vanquished Creatures (others)
  2 fungi (D:3)
  5 plants (D:3)
7 creatures vanquished.

Grand Total: 194 creatures vanquished

Notes
Turn   | Place    | Note
-------+----------+-------------------------------------------
     0 | D:1      | browni3141 the Minotaur Berserker began the quest for the
                  | Orb.
     0 | D:1      | Reached XP level 1. HP: 19/19 MP: 0/0
   103 | D:1      | You fall into a shaft and drop 1 floor!
   193 | D:1      | Reached XP level 2. HP: 26/27 MP: 1/1
   638 | D:1      | Reached XP level 3. HP: 33/33 MP: 2/2
   952 | D:1      | Reached ** piety under Trog
  1207 | D:2      | Noticed Terence
  1213 | D:2      | Killed Terence
  1312 | D:2      | Reached XP level 4. HP: 40/41 MP: 3/3
  1573 | D:2      | Found a runed translucent door.
  1574 | D:2      | Noticed Crazy Yiuf
  1872 | D:2      | Reached XP level 5. HP: 38/47 MP: 4/4
  2079 | D:2      | Killed Crazy Yiuf
  2080 | D:2      | Reached skill level 5 in Fighting
  2080 | D:2      | Reached skill level 5 in Axes
  2470 | D:3      | Found a faded altar of an unknown god.
  2745 | D:3      | Identified the +4 ring mail "Lin Xoaz" {Str+2}
  3369 | D:4      | Reached *** piety under Trog
  3370 | D:4      | Reached XP level 6. HP: 48/56 MP: 5/5
  3697 | D:4      | Reached skill level 5 in Armour
  4039 | D:5      | Entered Level 5 of the Dungeon
  4173 | D:5      | Identified the +0 ring mail "Qyah" {+Blink rElec rN+}
  4176 | D:5      | Noticed an ice beast
  4183 | D:5      | Killed an ice beast
  4184 | D:5      | Reached XP level 7. HP: 48/63 MP: 6/6
  4491 | D:5      | Reached XP level 8. HP: 65/73 MP: 7/7
  4603 | D:5      | Noticed Sigmund
  4616 | D:5      | Killed Sigmund
  5383 | D:6      | Reached **** piety under Trog
  5844 | D:6      | Found a staircase to the Ecumenical Temple.
  6134 | D:7      | Reached XP level 9. HP: 83/83 MP: 8/8
  6144 | D:7      | Found Ovigoin's Antique Weapon Shop.
  6154 | D:7      | Bought a runed battleaxe for 266 gold pieces
  6359 | D:7      | Identified the +9 dire flail of the Screaming Moth {holy,
                  | rPois rC+ Stlth-}
  6360 | D:7      | Noticed Acetwo5's ghost (novice MiFi)
  6361 | D:7      | Found a transporter.
  6542 | D:7      | Found a transporter.
  6556 | D:7      | Killed Acetwo5's ghost
  6648 | D:8      | Noticed a two-headed ogre
  6656 | D:8      | Killed a two-headed ogre
  6657 | D:8      | Reached skill level 10 in Fighting
  6657 | D:8      | Reached skill level 10 in Axes
  6928 | D:8      | Reached skill level 10 in Armour
  7115 | D:8      | Noticed a kobold demonologist
  7117 | D:8      | Noticed a sixfirhy
  7122 | D:8      | Killed a kobold demonologist
  7123 | D:8      | Reached XP level 10. HP: 75/94 MP: 9/9
  7500 | D:8      | Noticed a death yak
  7501 | D:8      | Found a staircase to the Lair.
  7503 | D:8      | Noticed a death yak
  7503 | D:8      | Noticed a death yak
  7508 | D:8      | Killed a death yak
  7516 | D:8      | Killed a death yak
  7519 | D:8      | Killed a death yak
  8109 | D:8      | Identified the +0 pair of gloves "Xeytti Jomof" {Harm rPois
                  | rC+}
  8138 | D:9      | Identified the +7 short sword of Immorality {freeze, rF+}
  8151 | D:9      | Noticed a two-headed ogre
  8152 | D:9      | HP: 4/145 [meliai/divine providence (8)]
  8153 | D:9      | Slain by a meliai

Illustrated notes

Levels and vault maps discovered:
D:1:      lightli_arrival_noodles, layout_basic
D:2:      layout_loops_ring, uniq_crazy_yiuf_cottage, uniq_terence
D:3:      minmay_inner_zag, layout_loops_ring,
          shapermc_ecumenical_altar_mp_ritualfount
D:4:      layout_loops_cross, lightli_corner_chamber
D:5:      minmay_general_purpose_star, layout_basic, minmay_ogre_servants,
          uniq_sigmund
D:6:      layout_loops_ring, minmay_temple_entry_butterflies,
          minmay_fractal_squares_gapless_5
D:7:      layout_rooms, gammafunk_ghost_smash, serial_shops, shop
D:8:      layout_loops_cross, dpeg_lair_monsters, special_room
          [special_room_kobold]
D:9:      layout_basic, serial_bayou_pond_d, minmay_mirror_moons_of_madness

Skill      XL: |  1  2  3  4  5  6  7  8  9 10 |
---------------+-------------------------------+-----
Fighting       | 4 5 6 7 9 10 11 | 11.6
Axes           | 4 5 6 7 8 10 11 | 11.6
Armour         | 3 4 5 6 8 10 11 | 11.3
Dodging        | |  2.1

Action                   |  1- 3 |  4- 6 |  7- 9 | 10-12 || total
-------------------------+-------+-------+-------+-------++-------
Melee: Hand axe          |    52 |   165 |   140 |       ||   357
       Headbutt          |    10 |    29 |    38 |    10 ||    87
       Punch             |       |     3 |     1 |       ||     4
       Battleaxe         |       |       |    42 |    46 ||    88
Invok: Berserk           |     1 |     2 |     6 |     2 ||    11
Armor: Animal skin       |    13 |       |       |       ||    13
       Chain mail        |    12 |    54 |       |       ||    66
       Ring mail         |       |    20 |    87 |    25 ||   132
Dodge: Dodged            |    46 |    69 |    90 |    24 ||   229
Block: Other             |       |    16 |    44 |    18 ||    78
       Reflection        |       |     1 |     2 |       ||     3
